 Dungeon Crawl Stone Soup version 0.30-a0-862-g1aabd4f9c5 (webtiles) character file.

Game seed: 15552856272275524751

22591 Jossarian the Eclecticist (level 12, -7/52 HPs)
             Began as a Spriggan Conjurer on Mar 9, 2023.
             Was an Elder of Vehumet.
             Mangled by a vampire mosquito (8 damage)
             ... on level 11 of the Dungeon.
             The game lasted 04:05:57 (22355 turns).

Jossarian the Eclecticist (Spriggan Conjurer)      Turns: 22355, Time: 04:05:58

Health: -7/52      AC:  2    Str:  3    XL:     12   Next: 64%
Magic:  25/32      EV: 19    Int: 30    God:    Vehumet [****..]
Gold:   238        SH:  0    Dex: 14    Spells: 2/42 levels left

rFire   . . .      SeeInvis +    c - +1 dagger (protect)
rCold   . . .      Faith    .    (no shield)
rNeg    . . .      Spirit   .    G - +0 robe "Useleb" {Slay+5 Stlth- Archmagi}
rPois   +          Reflect  .    l - +0 hat
rElec   .          Rampage  .    (no cloak)
rCorr   .          Archmagi +    (gloves unavailable)
Will    ++...                    (boots unavailable)
Stlth   ++                       (no amulet)
HPRegen 0.28/turn                J - +6 ring of intelligence
MPRegen 0.23/turn                N - ring of poison resistance

@: very quick
A: very small, no large weapons, unfitting armour, see invisible, speed 3
a: Renounce Religion


You were on level 11 of the Dungeon.
You worshipped Vehumet.
Vehumet was greatly pleased with you.
You visited 3 branches of the dungeon, and saw 15 of its levels.

You collected 1058 gold pieces.
You spent 820 gold pieces at shops.

Inventory:

Hand Weapons
 c - a +1 dagger of protection (weapon)
 t - a +2 dagger of venom
 F - the +7 hand axe of the Antique God {antimagic, *Corrode Str+2 Int+3 Dex+2}
   (You found it on level 11 of the Dungeon)

   Str:       It affects your strength (+2).
   Int:       It affects your intelligence (+3).
   Dex:       It affects your dexterity (+2).
   *Corrode:  It may corrode you when you take damage.
Missiles
 g - 154 stones
 h - 5 throwing nets
 i - 48 poisoned darts (quivered)
 m - 10 javelins
 s - 10 boomerangs
Armour
 l - a +0 hat (worn)
 w - a +2 robe of willpower
 G - the +0 robe "Useleb" (worn) {Slay+5 Stlth- Archmagi}
   (You bought it in a shop on level 11 of the Dungeon)

   Slay:      It affects your accuracy & damage with ranged weapons and melee
   (+5).
   Archmagi:  It increases the power of your magical spells.
   Stlth:     It makes you less stealthy.
Magical Staves
 b - a staff of air
Jewellery
 J - a +6 ring of intelligence (left hand)
 N - a ring of poison resistance (right hand)
Wands
 e - a wand of roots (13)
 k - a wand of flame (23)
 y - a wand of light (14)
 A - a wand of polymorph (11)
Scrolls
 n - a scroll of magic mapping
 o - 4 scrolls of amnesia
 q - a scroll of poison
 r - 4 scrolls of enchant weapon
 u - a scroll of brand weapon
 v - 5 scrolls of teleportation
 z - a scroll of blinking
 H - 5 scrolls of identify
 I - 2 scrolls of immolation
 L - a scroll of fear
 M - a scroll of fog
Potions
 d - 2 potions of curing
 f - a potion of flight
 j - 4 potions of attraction
 p - a potion of cancellation
 B - 3 potions of lignification
 C - a potion of magic
 D - a potion of invisibility
 E - a potion of ambrosia
 K - a potion of berserk rage
Miscellaneous
 x - a box of beasts


   Skills:
 + Level 0.9 Fighting
 + Level 5.7 Throwing
 + Level 5.4 Dodging
 + Level 5.3 Stealth
 + Level 15.6 Spellcasting
 + Level 9.6 Conjurations
 + Level 8.0 Hexes
 + Level 0.8 Translocations
 + Level 3.7 Transmutations
 + Level 2.1 Fire Magic
 + Level 1.8 Ice Magic
 + Level 2.9 Air Magic
 + Level 0.2 Earth Magic
 + Level 3.0 Poison Magic


You had 2 spell levels left.
You knew the following spells:

 Your Spells              Type           Power      Damage    Failure   Level
a - Magic Dart            Conj           100%       1d8       1%          1
b - Searing Ray           Conj           100%       2d8       1%          2
c - Freeze                Ice            100%       1d10      1%          1
d - Foxfire               Conj/Fire      100%       2x1d9     1%          1
e - Fulminant Prism       Conj/Hex       43%        3d19      1%          4
f - Shock                 Conj/Air       100%       1d9       1%          1
g - Sting                 Tmut/Pois      100%       1d8       1%          1
h - Cause Fear            Hex            41%        N/A       1%          4
i - Freezing Cloud        Conj/Ice/Air   34%        6-21      2%          5
j - Scorch                Fire           100%       2d10      1%          2
k - Flame Wave            Conj/Fire      73%        2d16      1%          4
l - Conjure Ball Lightni  Conj/Air       37%        3x3d12    6%          6
m - Blink                 Tloc           84%        N/A       2%          2
n - Stone Arrow           Conj/Erth      100%       3d13      1%          3
o - Vampiric Draining     Necr           35%        2d8       6%          3

Your spell library contained the following spells:

 Spells                   Type           Power      Damage    Failure   Level
 Airstrike                Air            28%        2d(5-21)  1%          4
 Apportation              Tloc           84%        N/A       1%          1
 Necrotise                Necr           100%       1d9       1%          1
 Momentum Strike          Conj/Tloc      100%       3d10      1%          2
 Wereblood                Tmut           62%        N/A       1%          2
 Lesser Beckoning         Tloc           84%        N/A       2%          2
 Sublimation of Blood     Necr           35%        N/A       3%          2
 Dazzling Flash           Conj/Hex       100%       N/A       1%          3
 Iskenderun's Mystic Bla  Conj/Tloc      70%        2d14      1%          4
 Alistair's Intoxication  Tmut/Pois      40%        N/A       14%         5
 Eringya's Noxious Bog    Tmut/Pois      30%        N/A       19%         6
 Agony                    Necr           35%        N/A       50%         5
 Simulacrum               Ice/Necr       21%        N/A       91%         6
 Summon Cactus Giant      Summ           17%        N/A       97%         6
 Dragon Form              Tmut           31%        N/A       98%         7
 Summon Hydra             Summ           17%        N/A       100%        7
 Chain Lightning          Conj/Air       37%        3d50      100%        9
 Dragon's Call            Summ           17%        N/A       100%        9
 Polar Vortex             Ice            25%        N/A       100%        9


Dungeon Overview and Level Annotations

Branches:
Dungeon (12/15)            Temple (1/1) D:4            Lair (2/5) D:11
 Spider (0/4) Lair:2          Orc (0/2) D:12
  Swamp: Lair:2-3    Shoals: Lair:2-3

Altars:
Ashenzari
Dithmenos
Elyvilon
Gozag
Hepliaklqana
Nemelex Xobeh
Okawaru
Qazlal
Sif Muna
Trog
Uskayaw
Vehumet
Wu Jian
Xom
Yredelemnul

Shops:
D:8 ?   D:10 (   D:11 [   D:12 ([

Portals:
Trove: D:10 (give 18 scrolls of teleportation)

Annotations:
D:12 1 transporter


Innate Abilities, Weirdness & Mutations

You are very small and have problems with some larger weapons.
You are too small for most types of armour.
You have supernaturally acute eyesight. (SInv)
You cover ground extremely quickly. (Speed+++)


Message History

(Press . to intensify the flame waves.)
The vampire mosquito bites you.
The vampire mosquito draws strength from your injuries!
The vampire mosquito bites you!
* * * LOW HITPOINT WARNING * * *
The vampire mosquito draws strength from your injuries!
The howler monkey hoots and howls with incredible vigour!
The vampire mosquito barely misses you.
The vampire mosquito closely misses you.
You hear a shout!
You hear an angry squeal.
The vampire mosquito barely misses you.
The vampire mosquito completely misses you.
The vampire mosquito bites you.
* * * LOW HITPOINT WARNING * * *
The vampire mosquito draws strength from your injuries!
The vampire mosquito bites you!
* * * LOW HITPOINT WARNING * * *
The vampire mosquito draws strength from your injuries!
The vampire mosquito misses you.
You climb upwards.
There is a stone staircase leading down, spattered with blood here.
Casting: Flame Wave (dangerous; 1% risk of failure)
Confirm with . or Enter, or press ? or * to list all spells.
Casting: Flame Wave (dangerous; 1% risk of failure)
Press: ? - help, Dir - look around, f - activate You feel a surge of power!
A wave of flame ripples out!
The flame wave engulfs the vampire mosquito!!
The vampire mosquito is almost destroyed.
The flame wave engulfs the vampire mosquito!
The vampire mosquito is severely damaged.
The flame wave engulfs the vampire mosquito!
The vampire mosquito is severely damaged. (Press . to intensify the flame waves.)
The vampire mosquito barely misses you.
The vampire mosquito closely misses you.
The vampire mosquito bites you.
* * * LOW HITPOINT WARNING * * *
The vampire mosquito draws strength from your injuries!
The vampire mosquito bites you!
You die...

#.##..................
#....#...........#####
####.###.......###
#............#
#..#########.# #..#
#.# #..# #.#
#yy####### #.#
#.@y.....# #.#
##.#####.# #.# ## #.#
#.# #># ##.
#.#####.###.####.#
#....<...........#
################.# ##.
##


You could see 3 vampire mosquitoes.

Vanquished Creatures
  Gastronok (D:8)
  A hydra (D:11)
  Harold (D:8)
  A catoblepas (Lair:2)
  4 two-headed ogres
  Erica (D:8)
  2 boulder beetles
  A skeletal warrior (D:12)
  A manticore (D:11)
  2 cane toads
  3 komodo dragons
  A kobold demonologist (D:8)
  A freezing wraith (D:11)
  3 trolls
  2 polar bears (Lair:2)
  11 blink frogs
  Sigmund (D:5)
  2 wyverns
  A centaur simulacrum (D:11)
  5 yaks (D:11)
  4 humans
  The ghost of postfeelist the Slasher, an amateur GnRe (D:3)
  2 basilisks (Lair:2)
  2 steam dragons
  A vampire mosquito (D:11)
  4 acid dragons
  14 water moccasins
  An ice beast (D:5)
  2 sky beasts
  5 black bears
  4 orc warriors
  An ogre (D:7)
  4 wolves (Lair:1)
  2 centaurs
  2 phantoms
  5 kobold brigands
  Blork the orc (D:6)
  6 bullfrogs
  5 scorpions
  15 wights
  10 killer bees
  3 howler monkeys
  3 electric eels (D:10)
  A jelly (D:6)
  5 orc priests
  6 hounds
  2 sleepcaps
  A gnoll bouda (D:4)
  An iguana (D:7)
  9 orc wizards
  20 adders
  3 gnolls (D:4)
  3 ufetubi
  A dart slug (D:4)
  32 orcs
  2 ball pythons
  3 bats
  2 endoplasms (D:1)
  3 giant cockroaches
  4 goblins
  5 hobgoblins
  4 quokkas
  20 kobolds
  11 rats
  A fulminant prism (D:9)
281 creatures vanquished.

Vanquished Creatures (collateral kills)
  2 ball lightnings (D:12)
2 creatures vanquished.

Vanquished Creatures (others)
  3 ball lightnings (Lair:2)
  64 foxfires
  126 fulminant prisms
  92 fungi
  127 plants
412 creatures vanquished.

Grand Total: 695 creatures vanquished

Notes
Turn   | Place    | Note
-------+----------+-------------------------------------------
     0 | D:1      | Jossarian the Spriggan Conjurer began the quest for the
                  | Orb.
     0 | D:1      | Reached XP level 1. HP: 9/9 MP: 5/5
   131 | D:1      | Found a faded altar of an unknown god.
   161 | D:1      | Got Plato's Directory of the Crevasse
   598 | D:1      | Reached XP level 2. HP: 13/13 MP: 3/6
   684 | D:1      | Learned a level 2 spell: Searing Ray
   686 | D:1      | Learned a level 1 spell: Freeze
  1309 | D:2      | Reached XP level 3. HP: 16/16 MP: 0/8
  2129 | D:3      | Reached skill level 3 in Spellcasting
  2417 | D:3      | Reached XP level 4. HP: 21/21 MP: 6/9
  2538 | D:3      | Found a runed translucent door.
  2661 | D:3      | Noticed postfeelist's ghost (amateur GnRe)
  2932 | D:3      | Killed postfeelist's ghost
  2933 | D:3      | Reached skill level 4 in Spellcasting
  2933 | D:3      | Reached XP level 5. HP: 24/24 MP: 4/12
  3770 | D:4      | Reached XP level 6. HP: 22/28 MP: 2/13
  3867 | D:4      | Found a staircase to the Ecumenical Temple.
  3899 | Temple   | Entered the Ecumenical Temple
  3912 | Temple   | Became a worshipper of Vehumet
  4124 | D:4      | Reached skill level 5 in Spellcasting
  4129 | D:4      | Reached skill level 5 in Conjurations
  4522 | D:4      | Reached XP level 7. HP: 32/32 MP: 14/16
  4856 | D:5      | Entered Level 5 of the Dungeon
  5027 | D:5      | Noticed Sigmund
  5194 | D:5      | Reached skill level 1 in Throwing
  5194 | D:5      | Reached skill level 6 in Spellcasting
  5782 | D:5      | Reached * piety under Vehumet
  5782 | D:5      | Offered knowledge of Foxfire by Vehumet.
  5785 | D:5      | Learned a level 1 spell: Foxfire
  6051 | D:5      | Reached skill level 7 in Spellcasting
  6108 | D:5      | Killed Sigmund
  6109 | D:5      | Reached XP level 8. HP: 17/36 MP: 17/20
  6670 | D:6      | Reached skill level 8 in Spellcasting
  7027 | D:6      | Noticed Blork the orc
  7092 | D:6      | Killed Blork the orc
  7584 | D:6      | Reached XP level 9. HP: 31/39 MP: 14/22
  8361 | D:7      | Reached skill level 9 in Spellcasting
  8395 | D:7      | Learned a level 4 spell: Fulminant Prism
  8407 | D:7      | Reached skill level 1 in Fire Magic
  8602 | D:7      | Reached skill level 5 in Stealth
  8974 | D:7      | Reached ** piety under Vehumet
  9433 | D:7      | Offered knowledge of Kiss of Death by Vehumet.
  9599 | D:8      | Noticed Erica
  9626 | D:8      | Reached skill level 10 in Spellcasting
  9913 | D:8      | Found Vuwna's Magic Scroll Shoppe.
  9929 | D:8      | Bought a scroll of identify for 26 gold pieces
  9929 | D:8      | Bought a scroll of identify for 26 gold pieces
  9929 | D:8      | Bought a scroll of identify for 26 gold pieces
  9929 | D:8      | Bought a scroll of enchant weapon for 97 gold pieces
  9929 | D:8      | Bought a scroll of identify for 26 gold pieces
 10201 | D:8      | Noticed Gastronok
 10409 | D:8      | Killed Gastronok
 10410 | D:8      | Reached skill level 11 in Spellcasting
 10410 | D:8      | Reached skill level 1 in Hexes
 10410 | D:8      | Reached XP level 10. HP: 38/44 MP: 3/26
 10710 | D:8      | Found a hazy altar of Hepliaklqana.
 10715 | D:8      | Found a sparkling altar of Nemelex Xobeh.
 10719 | D:8      | Found a shimmering altar of Xom.
 10890 | D:8      | Killed Erica
 11156 | D:8      | Identified a scroll of acquirement
 11157 | D:8      | Acquired Sif Muna's Encyclopedia of the Hazy Shapeshifter
 11163 | D:8      | Learned a level 1 spell: Shock
 11165 | D:8      | Learned a level 1 spell: Sting
 11644 | D:9      | Noticed Harold
 11780 | D:8      | Reached skill level 12 in Spellcasting
 11949 | D:8      | Reached skill level 5 in Throwing
 11949 | D:8      | Reached skill level 1 in Ice Magic
 12600 | D:8      | Killed Harold
 12601 | D:8      | Reached skill level 5 in Dodging
 12601 | D:8      | Reached skill level 1 in Transmutations
 12601 | D:8      | Reached skill level 1 in Poison Magic
 12721 | D:8      | Learned a level 4 spell: Cause Fear
 12727 | D:8      | Learned a level 5 spell: Freezing Cloud
 13919 | D:10     | Entered Level 10 of the Dungeon
 13919 | D:10     | Found Onnenyr's Antique Weapon Shoppe.
 14063 | D:10     | Noticed a two-headed ogre
 14087 | D:10     | Killed a two-headed ogre
 14088 | D:10     | Reached skill level 13 in Spellcasting
 14088 | D:10     | Reached XP level 11. HP: 41/48 MP: 17/29
 14347 | D:10     | Learned a level 2 spell: Scorch
 14352 | D:10     | Learned a level 4 spell: Flame Wave
 15347 | D:10     | Offered knowledge of Stone Arrow by Vehumet.
 15812 | D:10     | Found a portal to a secret trove of treasure.
 16044 | D:11     | Noticed a two-headed ogre
 16077 | D:10     | Killed a two-headed ogre
 16077 | D:10     | Reached *** piety under Vehumet
 16122 | D:10     | Learned a level 6 spell: Conjure Ball Lightning
 16151 | D:11     | Noticed a boulder beetle
 16172 | D:10     | Killed a boulder beetle
 16604 | D:11     | Found Mujoruz's Armour Shop.
 16764 | D:11     | Noticed a two-headed ogre
 16790 | D:11     | Killed a two-headed ogre
 17063 | D:11     | Identified the +7 hand axe of the Antique God {antimagic,
                  | *Corrode Str+2 Int+3 Dex+2}
 17114 | D:11     | Learned a level 2 spell: Blink
 17118 | D:11     | Learned a level 3 spell: Stone Arrow
 17381 | D:11     | Reached skill level 5 in Hexes
 17381 | D:11     | Reached skill level 1 in Air Magic
 17508 | D:11     | Offered knowledge of Hailstorm by Vehumet.
 17651 | D:11     | Reached skill level 14 in Spellcasting
 17697 | D:11     | Noticed a two-headed ogre
 17708 | D:11     | Killed a two-headed ogre
 18052 | D:11     | Noticed a boulder beetle
 18082 | D:11     | Killed a boulder beetle
 18209 | D:11     | Found a staircase to the Lair.
 18317 | D:11     | Bought the +0 robe "Useleb" {Slay+5 Stlth- Archmagi} for
                  | 619 gold pieces
 18487 | D:11     | Noticed a four-headed hydra
 18518 | D:11     | Killed a four-headed hydra
 18519 | D:11     | Reached XP level 12. HP: 52/52 MP: 17/31
 18895 | Lair:1   | Entered Level 1 of the Lair of Beasts
 20215 | Lair:2   | Reached skill level 15 in Spellcasting
 20292 | Lair:2   | Noticed a catoblepas
 20293 | Lair:2   | Reached **** piety under Vehumet
 20783 | Lair:2   | Offered knowledge of Airstrike by Vehumet.
 20788 | Lair:2   | Learned a level 3 spell: Vampiric Draining
 21556 | Lair:2   | Killed a catoblepas
 21889 | Lair:2   | Found a hole to the Spider Nest.
 22116 | D:12     | Found Mofalim's Armour Boutique.
 22116 | D:12     | Found a staircase to the Orcish Mines.
 22116 | D:12     | Found Woirr's Weapon Boutique.
 22137 | D:12     | Found a transporter.
 22353 | D:12     | HP: 2/52 [vampire mosquito (7)]
 22355 | D:11     | Mangled by a vampire mosquito

Illustrated notes

Levels and vault maps discovered:
D:1:      dpeg_arrival_ratfight, layout_loops_cross,
          shapermc_ecumenical_altar_rom_forum
D:2:      layout_rooms, serial_forest, infiniplex_forest_straight_2,
          infiniplex_forest_clump_curved, infiniplex_forest_end_3,
          infiniplex_forest_straight_3, infiniplex_forest_clump_curved,
          infiniplex_forest_corner_2, infiniplex_forest_lined_2
D:3:      layout_loops_ring, gammafunk_ghost_grave
D:4:      layout_basic, temple_green, minivault_14
D:5:      layout_loops_ring, uniq_sigmund
D:6:      layout_loops_ring, uniq_blork_the_orc
D:7:      layout_basic
D:8:      layout_loops_ring, grunt_temple_overflow_diamond, serial_shops, shop,
          uniq_erica, uniq_gastronok
D:9:      layout_rooms, minmay_ruffians, uniq_harold
D:10:     layout_basic, enter_trove_6, serial_shops, nicolae_stop_n_shop_1
D:11:     minmay_cornered_nines, layout_loops_ring, due_lair_maze_entry_diamond,
          serial_shops, shop_fountains
D:12:     minmay_two_paths, layout_long_grid, orc_david_3,
          gammafunk_ghost_wrathful_warriors, grunt_ministairs_1,
          nicolae_shop_sticking_my_neck_out, uniq_kirke, uniq_erolcha
Temple:   compressed_dpeg_triangle_lava_temple
Lair:1:   layout_cave_pods, serial_bayou_ford_a
Lair:2:   minmay_lair_venomous_thicket, layout_gridlike,
          spider_nest_entry_web_field, dreamdust_mushroom_princess

Skill      XL: |  1  2  3  4  5  6  7  8  9 10 11 12 |
---------------+-------------------------------------+-----
Conjurations   | 3 4 5 6 7 8 9 |  9.6
Spellcasting   | 3 4 5 7 8 11 13 14 15 | 15.6
Dodging        | 3 4 5 |  5.4
Stealth        | 4 5 |  5.3
Throwing       | 2 3 4 5 |  5.7
Fire Magic     | 1 2 |  2.1
Hexes          | 1 3 6 8 |  8.0
Ice Magic      | 1 |  1.8
Transmutations | 1 3 |  3.7
Poison Magic   | 1 3 |  3.0
Air Magic      | 1 2 |  2.9
Fighting       | |  0.9
Translocations | |  0.8
Earth Magic    | |  0.2

Action                     |  1- 3 |  4- 6 |  7- 9 | 10-12 || total
---------------------------+-------+-------+-------+-------++-------
  Melee: Club              |     2 |       |       |       ||     2
  Throw: Dart              |       |     7 |    23 |    37 ||    67
   Cast: Magic Dart        |    63 |    40 |    81 |    37 ||   221
         Searing Ray       |     5 |    23 |    72 |    72 ||   172
         Foxfire           |       |       |    26 |    10 ||    36
         Freeze            |       |       |     3 |    10 ||    13
         Fulminant Prism   |       |       |    15 |   113 ||   128
         Sting             |       |       |       |    65 ||    65
         Shock             |       |       |       |    46 ||    46
         Cause Fear        |       |       |       |     6 ||     6
         Freezing Cloud    |       |       |       |    18 ||    18
         Scorch            |       |       |       |    10 ||    10
         Stone Arrow       |       |       |       |    14 ||    14
         Blink             |       |       |       |     2 ||     2
         Flame Wave        |       |       |       |     3 ||     3
         Conjure Ball Ligh |       |       |       |     2 ||     2
    Use: Scroll            |     3 |     6 |     9 |    10 ||    28
         Potion            |       |     1 |     1 |     5 ||     7
 Armour: Robe              |       |     1 |     3 |    13 ||    17
  Dodge: Dodged            |     3 |    10 |    33 |   112 ||   158

Table legend: (Time is in decaauts)
 A = Elapsed time spent in this place.
 B = Non-inter-level travel time spent in this place.
 C = Inter-level travel time spent in this place.
 D = Time resting spent in this place.
 E = Time spent auto-exploring this place.
 F = Levels seen in this place.
 G = Mean time per level.
                   A        B        C        D        E       F      G
               +--------+--------+--------+--------+--------+-----+--------+
         Total |  17502 |  11702 |   5800 |   8605 |      0 |  15 | 1166.8 |
       Dungeon |  15068 |  10104 |   4964 |   7462 |      0 |  12 | 1255.7 |
        Temple |     16 |      3 |     13 |      0 |      0 |   1 |   16.0 |
          Lair |   2417 |   1594 |    823 |   1143 |      0 |   2 | 1208.5 |
               +--------+--------+--------+--------+--------+-----+--------+

Top non-repeatable levels by time:
     D:8: 2628 daAuts
    D:11: 2116 daAuts
    D:10: 2063 daAuts
     D:6: 1595 daAuts
     D:4: 1253 daAuts
  Lair:2: 1250 daAuts
  Lair:1: 1167 daAuts
     D:5: 1091 daAuts
     D:3: 910 daAuts
     D:7: 909 daAuts
     D:9: 904 daAuts
     D:1: 815 daAuts
     D:2: 685 daAuts
    D:12: 93 daAuts
  Temple: 16 daAuts
